Map: Cactus Valley LE (Void)

Players

tyryry - Winner!

  • Race: Zerg Zerg

Bop

  • Race: Protoss Protoss

VOD

Have the link to the VOD?

Description

Time

  • Played on: May 6, 2015, 5:54 a.m.
  • Length: 5:58
Show
View Real Time Build Order
Export as new Build Order

tyryry Zerg - Winner!

Build Orders: Pool First 

Get SALT Encoding   

  12  0:01  Drone  
  13  0:08  Drone  
  14  0:17  Overlord  
  14  0:29  Drone x2, Extractor x2  
  16  0:36  Drone  
  17  0:47  Spawning Pool  
  16  0:50  Drone  
  16  0:55  Drone  
  18  1:15  Hatchery  
  17  1:19  Overlord  
  17  1:34  Zergling x4  
  17  1:35  Queen  
  17  1:38  Zergling x2  
  22  1:49  Drone  
  23  2:00  Drone  
  24  2:09  Drone  
  24  2:10  Queen  
  27  2:21  Drone  
  28  2:27  Drone  
  29  2:36  Drone  
  30  2:37  Drone  
  31  2:45  Drone x2, Extractor  
  31  2:46  Drone x3, Extractor  
  31  2:50  Overlord  
  34  2:51  Hatchery  
  32  2:59  Drone  
  32  3:00  Drone  
  34  3:08  Queen  
  34  3:09  Drone  
  34  3:10  Drone  
  38  3:19  Drone x2  
  40  3:25  Overlord  
  40  3:30  Roach Warren  
  40  3:31  Drone x2  
  40  3:33  Drone  
  40  3:37  Metabolic Boost  
  40  3:44  Zergling x2  
  40  3:45  Zergling x4  
  43  3:54  Zergling x10  
  48  3:57  Zergling x2  
  48  3:58  Zergling x2  
  48  4:02  Overlord  
  50  4:06  Burrow  
  50  4:09  Zergling x2  
  52  4:10  Zergling x2  
  51  4:22  Roach  
  51  4:23  Roach x3  
  59  4:27  Overlord  
  59  4:30  Roach x2  
  60  4:35  Roach  
  60  4:37  Roach  
  64  4:40  Overlord  
  64  4:43  Overlord  
  64  4:47  Roach  
  64  4:49  Roach  
  68  4:54  Roach  
  68  4:55  Roach  
  68  4:58  Roach  
  74  5:00  Roach  
  74  5:03  Roach  
  74  5:06  Roach  
  78  5:10  Roach  
  78  5:13  Roach  
  82  5:18  Roach  
  82  5:23  Roach  
  82  5:27  Roach  
  84  5:33  Roach, Zergling x14  
  84  5:35  Zergling x2  
  90  5:37  Roach x5  
Show
View Real Time Build Order
Export as new Build Order

Bop Protoss 

Build Orders: Nexus First 

Get SALT Encoding   

  12  0:01  Probe  
  13  0:13  Probe  
  14  0:42  Nexus  
  14  0:51  Pylon  
  14  1:09  Probe (Chrono Boost)  
  14  1:10  Gateway  
  15  1:20  Probe (Chrono Boost)  
  16  1:27  Probe (Chrono Boost)  
  17  1:37  Pylon  
  17  1:38  Probe (Chrono Boost)  
  18  1:42  Assimilator  
  18  1:44  Probe (Chrono Boost)  
  19  1:55  Probe  
  20  2:02  Cybernetics Core  
  20  2:07  Probe (Chrono Boost)  
  20  2:08  Probe (Chrono Boost)  
  22  2:14  Gateway  
  22  2:18  Probe x2 (Chrono Boost)  
  24  2:24  Probe x2  
  25  2:30  Zealot (Chrono Boost)  
  29  2:54  Adept (Chrono Boost)  
  29  2:57  Pylon  
  27  3:02  Adept (Chrono Boost)  
  29  3:11  Warp Gate (Chrono Boost)  
  27  3:16  Adept  
  29  3:21  Adept  
  29  3:22  Probe x2  
  33  3:34  Probe (Chrono Boost)  
  33  3:36  Probe (Chrono Boost)  
  35  3:45  Probe (Chrono Boost), Pylon  
  35  3:46  Probe (Chrono Boost)  
  37  3:53  Probe (Chrono Boost)  
  39  3:58  Adept x2  
  39  3:59  Probe (Chrono Boost)  
  44  4:04  Probe (Chrono Boost)  
  44  4:05  Gateway  
  44  4:28  Adept x2  
  42  4:32  Gateway x2  
  42  4:43  Gateway  
  42  4:44  Gateway  
  42  4:51  Pylon  
  42  4:52  Probe x2, Pylon  
  44  5:04  Probe x2  
  44  5:09  Adept x3  
  50  5:18  Pylon  
  48  5:30  Stalker x4  
  52  5:37  Adept  
  46  5:47  Adept  
  46  5:52  Zealot  
  46  5:53  Zealot  
Tags
 
Add a new tag
Caveats
  • Supply blocks, unpowered buildings, or Contaminate may cause inaccurate times.
  • Supply counts are checked every 10 seconds.